 Dungeon Crawl Stone Soup version 0.21.1-1-g345015f (webtiles) character file.

372 diana the Gusty (level 6, -4/36 HPs)
             Began as a Tengu Air Elementalist on June 25, 2018.
             Slain by a sky beast (5 damage)
             ... on level 5 of the Dungeon.
             The game lasted 00:10:43 (4769 turns).

diana the Gusty (Tengu Air Elementalist)            Turns: 4769, Time: 00:10:45

Health: -4/36      AC:  2    Str: 10    XL:     6   Next: 71%
Magic:  11/11      EV: 13    Int: 15    God:
Gold:   205        SH:  0    Dex: 15    Spells: 7/11 levels left

rFire    + . .     SeeInvis .   q - +1 falchion (holy)
rCold    . . .     Gourm    .   (no shield)
rNeg     . . .     Faith    .   a - +0 robe
rPois    +         Spirit   .   (helmet restricted)
rElec    .         Reflect  .   (no cloak)
rCorr    .         Harm     .   (no gloves)
MR       .....                  (boots unavailable)
Stlth    ++........             (no amulet)
HPRegen  0.12/turn              r - ring of poison resistance
MPRegen  0.12/turn              (no ring)

@: no status effects
A: beak, talons 3, fire resistance 1, no potion heal 1, able to fly 1
a: Fly


You were on level 5 of the Dungeon.
You were hungry.

You visited 1 branch of the dungeon, and saw 5 of its levels.

You collected 205 gold pieces.

Inventory:

Hand Weapons
 q - a +1 falchion of holy wrath (weapon)
Armour
 a - a +0 robe (worn)
Jewellery
 r - a ring of poison resistance (left hand)
Scrolls
 e - 2 scrolls of blinking {unknown}
 g - a scroll of magic mapping {unknown}
 i - 5 scrolls of teleportation {unknown}
 j - a scroll of amnesia {unknown}
 k - 2 scrolls of remove curse {unknown}
 l - 3 scrolls of identify {unknown}
Potions
 o - a potion of heal wounds
 p - 2 potions of curing {unknown}
Books
 b - a book of Air

   Spells                             Type                      Level
   a - Shock                          Conjuration/Air              1
   b - Swiftness                      Charms/Air                   2
   c - Static Discharge               Conjuration/Air              3
   d - Airstrike                      Air                          4
   e - Lightning Bolt                 Conjuration/Air              5
 m - the Compendium of Flight and Talismans
   (You found it on level 4 of the Dungeon)

   Spells                             Type                      Level
   a - Shock                          Conjuration/Air              1
   b - Song of Slaying                Charms                       2
   c - Spectral Weapon                Hexes/Charms                 3
   d - Excruciating Wounds            Charms/Necromancy            5
   e - Tornado                        Air                          9
Comestibles
 c - 11 rations
 s - 2 chunks of flesh


   Skills:
 + Level 2.7 Fighting
 * Level 3.0 Long Blades
 - Level 2.2 Dodging
 - Level 2.0 Stealth
 - Level 3.0 Spellcasting
 + Level 4.1 Conjurations
 + Level 5.6 Air Magic


You had 7 spell levels left.
You knew the following spells:

 Your Spells              Type           Power        Failure   Level  Hunger
a - Shock                 Conj/Air       ###.         2%          1    #......
b - Static Discharge      Conj/Air       ###.....     8%          3    ###....


Dungeon Overview and Level Annotations

Branches:
Dungeon (5/15)
 Temple: D:4-7

Altars:
Ru


Innate Abilities, Weirdness & Mutations

You have a beak for a mouth.
You have claws for feet.
You can fly.
Your flesh is heat resistant. (rF+)
Potions are less effective at restoring your health.


Message History

Your transformation is almost over.
Something hits you but does no damage. x2
You miss something. Something hits you but does no damage.
You hit something. Something hits you but does no damage.
You hit something. Something hits you but does no damage.
You miss something. Something hits you.
* * * LOW HITPOINT WARNING * * *
Something shocks you.
* * * LOW HITPOINT WARNING * * *
You hit something but do no damage. Something hits you but does no damage.
You hit something.
A sky beast appears from thin air!
Reactivating autopickup.
The sky beast barely misses you.
You completely miss the sky beast.
The sky beast is almost dead.
You feel less wooden.
Your +0 robe unmelds from your body.
The sky beast hits you.
* * * LOW HITPOINT WARNING * * *
The sky beast shocks you.
You die...

.....#.....## #...#
####.......(## #...#
.............## #...# ##
≈≈≈≈≈≈≈≈≈..<..####...##.#
≈#≈≈≈≈≈#≈...#..(.......#
≈#≈###≈#≈.#<..........##
≈#≈≈≈≈≈#≈.#.#..........#
≈≈≈≈≈≈≈≈≈..##.##.#....#.#
...#..........##@#....###
...###.#########Y#....#
##.# #.# ##.#....#
##.###.# #..#......
.......# #'#####.###
.#.##### #.. .# #..# #.##
## ##.# #.# #.## #.#


You could see a sky beast.

Vanquished Creatures
  A phantom (D:4)
  A hound (D:4)
  2 orc priests
  An iguana (D:4)
  4 adders
  A shadow imp (D:5)
  3 oozes (D:1)
  4 dart slugs
  A leopard gecko (D:2)
  10 orcs
  11 bats
  8 giant cockroaches
  5 goblins
  5 hobgoblins
  12 jackals
  2 quokkas
  A jackal skeleton (D:4)
  11 kobolds
  6 rats
89 creatures vanquished.

Notes
Turn   | Place    | Note
-------+----------+-------------------------------------------
     0 | D:1      | diana the Tengu Air Elementalist began the quest for the Orb.
     0 | D:1      | Reached XP level 1. HP: 10/10 MP: 4/4
    35 | D:1      | Reached XP level 2. HP: 4/15 MP: 1/6
   673 | D:1      | Reached XP level 3. HP: 19/19 MP: 1/7
  1552 | D:2      | Reached XP level 4. HP: 24/24 MP: 3/8
  1948 | D:2      | Reached skill level 1 in Fighting
  2470 | D:3      | Reached skill level 5 in Air Magic
  2932 | D:4      | Noticed a phantom
  2955 | D:4      | Gained mutation: You can fly. [Tengu growth]
  2955 | D:4      | Reached XP level 5. HP: 21/30 MP: 10/10
  3305 | D:3      | Found a sacrificial altar of Ru.
  3491 | D:4      | Learned a level 3 spell: Static Discharge
  3726 | D:4      | Reached skill level 1 in Long Blades
  3919 | D:4      | Killed a phantom
  3919 | D:4      | Reached XP level 6. HP: 32/36 MP: 2/11
  4423 | D:4      | Identified the Compendium of Flight and Talismans
  4494 | D:5      | Entered Level 5 of the Dungeon
  4722 | D:5      | Noticed a sky beast
  4734 | D:5      | Gained mutation: Potions are less effective at restoring your health. [potion of mutation]
  4734 | D:5      | Gained mutation: Your flesh is heat resistant. (rF+) [potion of mutation]
  4769 | D:5      | HP: 1/36 [sky beast (3)]
  4769 | D:5      | Slain by a sky beast

Skill      XL: |  1  2  3  4  5  6 |
---------------+-------------------+-----
Conjurations   | 2 3 4 |  4.1
Fighting       | 1 2 |  2.7
Air Magic      | 5 |  5.6
Long Blades    | 2 3 |  3.0
Spellcasting   | 3 |  3.0
Dodging        | |  2.2
Stealth        | |  2.0

Action                   |  1- 3 |  4- 6 || total
-------------------------+-------+-------++-------
Melee: Unarmed           |    21 |    20 ||    41
       Kick              |     9 |    10 ||    19
       Peck              |     2 |    10 ||    12
       Falchion          |       |    80 ||    80
 Cast: Shock             |    61 |    90 ||   151
       Static Discharge  |       |     6 ||     6
  Use: Potion            |       |     8 ||     8
 Stab: Sleeping          |       |     3 ||     3
  Eat: Chunk             |     2 |     8 ||    10
       Ration            |       |     1 ||     1
Armor: Robe              |     6 |    11 ||    17
       Skin              |       |    38 ||    38
Dodge: Dodged            |    22 |    58 ||    80
       Rpst.: Falchion   |       |     9 ||     9
